 Dungeon Crawl Stone Soup version 0.24.0-13-gcf9b319 (webtiles) character file.

Game seed: 1675324663588572957, levelgen mode: deterministic

139 Bronimir the Digger (level 5, -5/35 HPs)
             Began as a Formicid Earth Elementalist on Mar 19, 2020.
             Killed by divine providence
             ... invoked by an orc priest
              (16 damage)
             ... on level 3 of the Dungeon.
             The game lasted 00:06:16 (2364 turns).

Bronimir the Digger (Formicid Earth Elementalist)   Turns: 2364, Time: 00:06:18

Health: -5/35      AC:  2    Str: 13    XL:     5   Next: 46%
Magic:  6/9        EV: 12    Int: 15    God:
Gold:   171        SH:  0    Dex: 11    Spells: 3/9 levels left

rFire    . . .     SeeInvis +   a - +0 spear
rCold    . . .     Gourm    .   (no shield)
rNeg     . . .     Faith    .   c - +0 robe
rPois    .         Spirit   .   (helmet unavailable)
rElec    .         Reflect  .   (no cloak)
rCorr    .         Harm     .   (no gloves)
MR       .....                  (no boots)
Stlth    ++........             (no amulet)
HPRegen  0.11/turn              (no ring)
MPRegen  0.11/turn              (no ring)

@: no status effects
A: permanent stasis, dig shafts and tunnels, four strong arms, antennae 3
a: Dig, Shaft Self


You were on level 3 of the Dungeon.
You were hungry.

You visited 1 branch of the dungeon, and saw 3 of its levels.

You collected 171 gold pieces.

Inventory:

Hand Weapons
 a - a +0 spear (weapon)
 b - a +0 hunting sling
 l - a +0 short sword
Missiles
 e - 7 boomerangs (quivered)
 g - 14 arrows
 j - 19 stones
 o - 10 sling bullets
Armour
 c - a +0 robe (worn)
 m - a +0 pair of boots
Scrolls
 f - a scroll of enchant weapon {unknown}
 i - a scroll of identify
Potions
 h - 2 potions of haste {unknown}
 k - 3 potions of curing {unknown}
 r - a potion of ambrosia {unknown}
Comestibles
 d - 3 rations


   Skills:
 + Level 0.1 Fighting
 + Level 0.2 Short Blades
 * Level 1.1 Polearms
 * Level 2.0 Armour
 + Level 2.1 Dodging
 - Level 2.4 Stealth
 + Level 2.8 Spellcasting
 + Level 1.1 Transmutations
 * Level 5.4 Earth Magic


You had 3 spell levels left.
You knew the following spells:

 Your Spells              Type           Power        Failure   Level  Hunger
a - Sandblast             Erth           ###...       2%          1    #......
b - Passwall              Tmut/Erth      ##......     9%          2    ##.....
c - Stone Arrow           Conj/Erth      ##....       21%         3    ###....

Your spell library contained the following spells:

 Spells                   Type           Power        Failure   Level  Hunger
 Petrify                  Tmut/Erth      ##......     47%         4    #####..
 Lee's Rapid Deconstruct  Erth           ###.......   52%         5    ######.


Dungeon Overview and Level Annotations

Branches:
Dungeon (3/15)

Altars:
Sif Muna


Innate Abilities, Weirdness & Mutations

You cannot be hasted, slowed, berserked, paralysed or teleported.
You can dig through walls and to a lower floor.
Your four strong arms can wield two-handed weapons with a shield.
You have a pair of large antennae on your head. (SInv)


Message History

Aiming: Sandblast (safe; 2% risk of failure)
Press: ? - help, Shift-Dir - straight line, f/p - orc wizard
Aim: an orc wizard, wielding a +0 dagger and wearing a +0 robe (heavily wounded, slightly transparent)
The blast of sand hits the orc wizard!
You kill the orc wizard!
Your Polearms skill increases to level 1!
Your Armour skill increases to level 2!
j - 20 stones
Casting: Sandblast (safe; 2% risk of failure)
Confirm with . or Enter, or press ? or * to list all spells.
Aiming: Sandblast (safe; 2% risk of failure)
Press: ? - help, Shift-Dir - straight line, f - orc
Aim: an orc The blast of sand misses the orc.
The blast of sand hits the orc priest!
The orc priest is almost dead.
j - 19 stones The orc hits you.
The orc priest calls down the wrath of Beogh upon you.
Beogh smites you!
You die...

###
######.#
#.<....#
######.#
#.# #.#
#.# #.#
#@# #o#
#.# #o#{
#.!..o...
#........
#.....oo.
#....{.o.
##.......


You could see an orc priest and an orc.

Vanquished Creatures
  Jessica (D:2)
  An orc wizard (D:3)
  2 adders (D:2)
  A gnoll (D:1)
  3 worms (D:2)
  A dart slug (D:1)
  2 orcs (D:3)
  2 ball pythons (D:1)
  3 bats
  A giant cockroach (D:2)
  10 goblins
  3 hobgoblins
  5 jackals
  5 frilled lizards
  3 kobolds
  6 rats
49 creatures vanquished.

Notes
Turn   | Place    | Note
-------+----------+-------------------------------------------
     0 | D:1      | Bronimir the Formicid Earth Elementalist began the quest
                  | for the Orb.
     0 | D:1      | Reached XP level 1. HP: 13/13 MP: 3/3
   126 | D:1      | Reached skill level 4 in Earth Magic
   159 | D:1      | Reached XP level 2. HP: 19/19 MP: 0/5
   332 | D:1      | Reached XP level 3. HP: 10/24 MP: 2/6
   723 | D:1      | Learned a level 2 spell: Passwall
   732 | D:1      | Reached skill level 1 in Armour
   737 | D:1      | Learned a level 3 spell: Stone Arrow
  1557 | D:2      | Found a shimmering blue altar of Sif Muna.
  1576 | D:2      | Reached XP level 4. HP: 29/30 MP: 4/7
  1596 | D:2      | Noticed Jessica
  1599 | D:2      | Reached skill level 5 in Earth Magic
  1639 | D:2      | Killed Jessica
  1952 | D:2      | Reached XP level 5. HP: 27/35 MP: 6/9
  2363 | D:3      | Reached skill level 1 in Polearms
  2364 | D:3      | Killed from afar by an orc priest

Levels and vault maps discovered:
D:1:      nzn_arrival_settlement, layout_loops_ring, hangedman_decor_points
D:2:      layout_loops_cross, lemuel_crystal_altar, first_ration, uniq_jessica
D:3:      layout_basic

Skill      XL: |  1  2  3  4  5 |
---------------+----------------+-----
Earth Magic    | 4 5 |  5.4
Armour         | 1 2 |  2.0
Dodging        | 2 |  2.1
Polearms       | 1 |  1.1
Fighting       | |  0.1
Short Blades   | |  0.2
Stealth        | |  2.4
Spellcasting   | |  2.8
Transmutations | |  1.1

Action                   |  1- 3 |  4- 6 || total
-------------------------+-------+-------++-------
Melee: Short sword       |    37 |       ||    37
       Spear             |    15 |    52 ||    67
 Cast: Sandblast         |    26 |    13 ||    39
       Stone Arrow       |     2 |     2 ||     4
  Use: Scroll            |       |     6 ||     6
 Stab: Sleeping          |     3 |     2 ||     5
  Eat: Chunk             |     3 |     2 ||     5
Armor: Robe              |    15 |     9 ||    24
Dodge: Dodged            |    41 |    30 ||    71
